 Dungeon Crawl Stone Soup version 0.29.0-4-gdea44cf6ec (webtiles) character file.

Game seed: 14548317236669531478

2010 qw the Cleaver (level 9, -7/54 HPs)
             Began as a Gargoyle Fighter on Sept 10, 2022.
             Was an Initiate of Okawaru.
             Mangled by Maggie
             ... wielding a +0 scimitar of flaming
              (10 damage)
             ... on level 7 of the Dungeon.
             The game lasted 00:02:12 (6891 turns).

qw the Cleaver (Gargoyle Fighter)                   Turns: 6891, Time: 00:02:13

Health: -7/54      AC: 20    Str: 23    XL:     9   Next: 22%
Magic:  9/9        EV:  5    Int:  8    God:    Okawaru [......]
Gold:   245        SH: 12    Dex: 13    Spells: 8/8 levels left

rFire   . . .      SeeInvis +   Y - +0 war axe
rCold   + . .      Faith    .   m - +2 kite shield
rNeg    + . .      Spirit   .   q - +0 plate armour
rPois   inf        Reflect  .   (no helmet)
rElec   +          Harm     .   (no cloak)
rCorr   .          Rampage  .   (no gloves)
Will    .....                   (no boots)
Stlth   ..........              (no amulet)
HPRegen 0.18/turn               j - ring of see invisible
MPRegen 0.11/turn               e - ring of protection from cold

@: mesmerised
A: sickness immunity, AC +6, negative energy resistance 1, electricity
resistance, torment resistance 1, petrification resistance, iridescent scales 1,
agile 1
a: Renounce Religion


You were on level 7 of the Dungeon.
You worshipped Okawaru.
Okawaru was noncommittal.
You visited 2 branches of the dungeon, and saw 8 of its levels.

You collected 310 gold pieces.
You spent 65 gold pieces at shops.


Innate Abilities, Weirdness & Mutations

You are immune to sickness and miasma.
Your stone body is resilient. (AC +6)
You are immune to poison.
You resist negative energy. (rN+)
You are resistant to electric shocks. (rElec)
You are resistant to unholy torment.
You are immune to petrification.
You are partially covered in iridescent scales. (AC +2)
You are agile. (Dex +4, Str/Int -1)


   Skills:
 + Level 5.4 Fighting
 - Level 8.0 Axes
 - Level 2.3 Throwing
 - Level 4.3 Armour
 - Level 1.4 Dodging
 - Level 7.0 Shields


You had 8 spell levels left.
You didn't know any spells.
Your spell library was empty.

Inventory:

Hand Weapons
 t - a -2 eveningstar
 Y - a +0 war axe (weapon)
Missiles
 a - 5 javelins (quivered)
 c - 5 boomerangs
Armour
 m - a +2 kite shield (worn)
 q - a +0 plate armour (worn)
Jewellery
 e - a ring of protection from cold (right hand)
 f - a +6 ring of dexterity
 j - a ring of see invisible (left hand)
Scrolls
 b - a scroll of identify
Potions
 d - 6 potions of might
 g - a potion of lignification
 h - a potion of berserk rage {unknown}
 i - a potion of magic
 k - 3 potions of curing
 n - a potion of cancellation
 o - a potion of haste
 p - 3 potions of mutation
 r - 2 potions of attraction
 s - a potion of flight {unknown}

Dungeon Overview and Level Annotations

Branches:
Dungeon (7/15)             Temple (1/1) D:6

Altars:
Cheibriados
Dithmenos
Elyvilon
Fedhas
Gozag
Hepliaklqana
Kikubaaqudgha
Makhleb
Nemelex Xobeh
Okawaru
Qazlal
Sif Muna
Vehumet
Wu Jian
Xom
Yredelemnul
Zin
The Shining One

Shops:
D:1 =   D:5 *

Annotations:
D:7 Maggie


Message History

Maggie is lightly wounded.
Maggie hits you but does no damage.
You barely miss Maggie.
Maggie is lightly wounded.
You block Maggie's attack.
You hit Maggie but do no damage.
Maggie is lightly wounded.
You break out of your daze.
You block Maggie's attack.
Maggie hits you with a +0 scimitar of flaming.
Maggie burns you.
You closely miss Maggie.
Maggie is lightly wounded.
You block Maggie's attack.
You closely miss Maggie.
Maggie is lightly wounded.
You block Maggie's attack.
You hit Maggie.
Maggie is moderately wounded.
Maggie gestures at you while chanting. The bolt of fire hits you!
You closely miss Maggie.
Maggie is moderately wounded.
Maggie says, "Leave now, and tell all of Margery's mercy!"
Maggie casts a spell.
Maggie attempts to bespell you!
You are mesmerised by Maggie!
Maggie shouts, "Leave me alone!"
You block Maggie's attack.
You slash Maggie!
Maggie is heavily wounded.
Maggie gestures wildly while chanting.
Maggie draws you further into her thrall.
You closely miss Maggie.
Maggie is heavily wounded.
You block Maggie's attack.
You closely miss Maggie.
Maggie is heavily wounded.
Maggie hits you with a +0 scimitar of flaming!
You die...

......############
.................. ..
..........############..
......##.(...##....?....
.......#...#.##.........
.......#.#.#.##.........
.......#.#.#.##.........
####...#.#.#.##.@)......
.....###.#.#.##<@)....#
###..#...#.#.##.#####.#
...........#.##.#
###.#......#....#
..#........#....#
...........##.......
#####...............#
#..<#.....#...........
#.#....##.#......####.


You could see Maggie (mesmerising).

Vanquished Creatures
  Grinder (D:6)
  Sigmund (D:2)
  Menkaure (D:6)
  Edmund (D:5)
  An ogre (D:5)
  A phantom (D:5)
  2 scorpions
  2 necrophages (D:6)
  5 wights (D:6)
  A howler monkey (D:5)
  2 gnoll boudas
  2 orc priests
  2 hounds
  A jelly (D:5)
  Terence (D:2)
  2 orc wizards
  Natasha (D:2)
  6 iguanas
  Ijyb (D:4)
  10 gnolls
  5 adders
  A white imp (D:5)
  An ufetubus (D:7)
  3 worms
  A dart slug (D:5)
  10 orcs
  3 bats
  5 endoplasms
  5 giant cockroaches
  8 goblins
  9 hobgoblins
  5 quokkas
  9 ball pythons
  5 frilled lizards
  6 kobolds
  6 rats
126 creatures vanquished.

Vanquished Creatures (others)
  A plant (D:4)
1 creature vanquished.

Grand Total: 127 creatures vanquished

Notes
Turn   | Place    | Note
-------+----------+-------------------------------------------
     0 | D:1      | qw the Gargoyle Fighter began the quest for the Orb.
     0 | D:1      | Reached XP level 1. HP: 14/14 MP: 1/1
     0 | D:1      | 0 ||| qw: Version: 0.1-a-116-g5d60599
     0 | D:1      | 0 ||| qw: Game counter: 7632
     0 | D:1      | 0 ||| qw: Always use a shield: true
     0 | D:1      | 0 ||| qw: God list: Okawaru
     0 | D:1      | 0 ||| qw: Allow faded altars: false
     0 | D:1      | 0 ||| qw: Do Orc after D:15 true
     0 | D:1      | 0 ||| qw: Do second Lair branch before Depths: true
     0 | D:1      | 0 ||| qw: Lair rune preference: random
     0 | D:1      | 0 ||| qw: Plans: Normal, Zot, God:TSO, Crypt, Tomb, Zig,
                  | Orb
     0 | D:1      | 0 ||| PLANNING D:1-11
    73 | D:1      | Reached skill level 2 in Axes
   151 | D:1      | Reached XP level 2. HP: 19/19 MP: 2/2
   290 | D:1      | Found Jobitsix's Jewellery Boutique.
   310 | D:1      | 310 ||| SHOPLISTING +6 ring of strength (396 gold, have
                  | 64).
   310 | D:1      | 310 ||| SHOPLISTING amulet of the acrobat (330 gold, have
                  | 64).
   310 | D:1      | 310 ||| SHOPLISTING ring of Bias {rF+ AC+4 Stlth+} (580
                  | gold, have 64).
   310 | D:1      | 310 ||| SHOPLISTING ring of fire (275 gold, have 64).
   310 | D:1      | 310 ||| SHOPLISTING ring of protection from cold (275 gold,
                  | have 64).
   310 | D:1      | 310 ||| SHOPLISTING ring of see invisible (165 gold, have
                  | 64).
   415 | D:1      | Reached skill level 3 in Axes
   525 | D:1      | Reached XP level 3. HP: 19/23 MP: 3/3
   837 | D:1      | 837 ||| UPGRADING to ring of see invisible.
   838 | D:1      | 838 ||| READING scroll labelled AJACVU YMIDGH.
   839 | D:1      | 839 ||| READING scroll labelled DAR YTACVE.
   989 | D:2      | 989 ||| DROPPING +0 club.
  1037 | D:2      | Found a faded altar of an unknown god.
  1106 | D:2      | 1106 ||| Stepping ~*~*~tactically~*~*~ (stealth).
  1108 | D:2      | 1108 ||| FLEEEEING.
  1109 | D:2      | 1109 ||| FLEEEEING.
  1110 | D:2      | 1110 ||| FLEEEEING.
  1111 | D:2      | 1111 ||| FLEEEEING.
  1112 | D:2      | 1112 ||| FLEEEEING.
  1113 | D:2      | 1113 ||| FLEEEEING.
  1114 | D:2      | 1114 ||| FLEEEEING.
  1115 | D:2      | 1115 ||| FLEEEEING.
  1116 | D:2      | 1116 ||| FLEEEEING.
  1117 | D:2      | 1117 ||| FLEEEEING.
  1118 | D:2      | 1118 ||| FLEEEEING.
  1119 | D:2      | 1119 ||| FLEEEEING.
  1120 | D:2      | 1120 ||| FLEEEEING.
  1121 | D:2      | 1121 ||| FLEEEEING.
  1122 | D:2      | 1122 ||| FLEEEEING.
  1123 | D:2      | 1123 ||| FLEEEEING.
  1326 | D:2      | Reached skill level 1 in Throwing
  1396 | D:2      | Noticed Terence
  1403 | D:2      | Killed Terence
  1404 | D:2      | Reached XP level 4. HP: 22/28 MP: 4/4
  1729 | D:2      | Noticed Sigmund
  1730 | D:2      | 1730 ||| FLEEEEING.
  1735 | D:2      | 1735 ||| FLEEEEING.
  1736 | D:2      | 1736 ||| FLEEEEING.
  1737 | D:2      | 1737 ||| FLEEEEING.
  1738 | D:2      | 1738 ||| FLEEEEING.
  1739 | D:2      | 1739 ||| FLEEEEING.
  1740 | D:2      | 1740 ||| FLEEEEING.
  1750 | D:2      | 1750 ||| FLEEEEING.
  1751 | D:2      | 1751 ||| FLEEEEING.
  1752 | D:2      | 1752 ||| FLEEEEING.
  1753 | D:2      | 1753 ||| FLEEEEING.
  1780 | D:2      | Killed Sigmund
  1781 | D:2      | Reached skill level 5 in Axes
  1781 | D:2      | Reached XP level 5. HP: 16/32 MP: 5/5
  1781 | D:2      | Reached XP level 6. HP: 19/37 MP: 6/6
  1939 | D:2      | Noticed Natasha
  1942 | D:2      | Killed Natasha
  1999 | D:2      | 1999 ||| UPGRADING to +0 chain mail.
  2009 | D:2      | 2009 ||| DROPPING +0 scale mail.
  2010 | D:2      | 2010 ||| UPGRADING to ring of protection from cold.
  2011 | D:2      | 2011 ||| READING scroll labelled FASOOL ODIMU.
  2012 | D:2      | 2012 ||| READING scroll labelled VEUNIT BAHE.
  2046 | D:3      | 2046 ||| Stepping ~*~*~tactically~*~*~ (stealth).
  2047 | D:3      | 2047 ||| Stepping ~*~*~tactically~*~*~ (stealth).
  2048 | D:3      | 2048 ||| Stepping ~*~*~tactically~*~*~ (stealth).
  2249 | D:3      | Found an ornate altar of the Wu Jian Council.
  2252 | D:3      | 2252 ||| Stepping ~*~*~tactically~*~*~ (stealth).
  2527 | D:3      | 2527 ||| READING scroll labelled JULONI TANURI.
  2528 | D:3      | 2528 ||| READING scroll labelled ECZUTAO VIDWURUP.
  2529 | D:3      | 2529 ||| DRINKING 2 fuming grey potions.
  2529 | D:3      | Gained mutation: You are partially covered in iridescent
                  | scales. (AC +2) [potion of mutation]
  2529 | D:3      | Gained mutation: You are agile. (Dex +4, Str/Int -1)
                  | [potion of mutation]
  2734 | D:4      | Reached skill level 1 in Dodging
  2916 | D:4      | Noticed Ijyb
  2923 | D:4      | Killed Ijyb
  3005 | D:4      | 3005 ||| READING scroll labelled PEUHAIPLEGRU.
  3006 | D:4      | 3006 ||| DRINKING 3 glowing sapphire potions.
  3007 | D:4      | 3007 ||| READING 2 scrolls of identify.
  3007 | D:4      | 3007 ||| IDENTIFYING sapphire potion
  3008 | D:4      | 3008 ||| DROPPING potion of magic.
  3218 | D:4      | 3218 ||| UPGRADING to +0 plate armour.
  3228 | D:4      | 3228 ||| DROPPING +0 chain mail.
  3229 | D:4      | 3229 ||| DRINKING 2 green potions.
  3289 | D:5      | Entered Level 5 of the Dungeon
  3303 | D:5      | Reached XP level 7. HP: 26/43 MP: 7/7
  3441 | D:5      | Reached skill level 6 in Axes
  3498 | D:5      | 3498 ||| Stepping ~*~*~tactically~*~*~ (hiding).
  3876 | D:5      | Found a blossoming altar of Fedhas.
  3883 | D:5      | Found Juis's Lightly-Used Armoury.
  3893 | D:5      | 3893 ||| BUYING -2 eveningstar (65 gold).
  3893 | D:5      | Bought a -2 eveningstar for 65 gold pieces
  3893 | D:5      | 3893 ||| SHOPLISTING -2 pearl dragon scales (1170 gold,
                  | have 137).
  3893 | D:5      | 3893 ||| DROPPING +0 whip.
  3902 | D:5      | Found a stormy altar of Qazlal.
  3931 | D:5      | Noticed Edmund
  3940 | D:5      | HP: 10/43 [iguana (5)]
  3942 | D:5      | Reached skill level 7 in Axes
  3942 | D:5      | Killed Edmund
  3943 | D:5      | Reached XP level 8. HP: 7/49 MP: 8/8
  4225 | D:5      | Identified the +11 whip of Res Nullius {pain, Fly rPois
                  | MP+9}
  4244 | D:5      | 4244 ||| Stepping ~*~*~tactically~*~*~ (stealth).
  4464 | D:5      | 4464 ||| UPGRADING to +2 kite shield.
  4474 | D:5      | 4474 ||| DROPPING +0 buckler.
  4475 | D:5      | 4475 ||| READING scroll labelled FAECUFUTOC.
  4533 | D:5      | 4533 ||| DRINKING 2 smoky golden potions.
  4634 | D:5      | 4634 ||| READING 4 scrolls of identify.
  4634 | D:5      | 4634 ||| IDENTIFYING orange potion
  4635 | D:5      | 4635 ||| READING 3 scrolls of identify.
  4635 | D:5      | 4635 ||| IDENTIFYING sedimented amethyst potion
  4636 | D:5      | 4636 ||| READING 2 scrolls of identify.
  4636 | D:5      | 4636 ||| IDENTIFYING white potion
  4637 | D:5      | 4637 ||| DROPPING potion of ambrosia.
  4638 | D:5      | 4638 ||| DROPPING potion of degeneration.
  4642 | D:6      | 4642 ||| PLANNING SEWER
  4643 | D:6      | 4643 ||| Stepping ~*~*~tactically~*~*~ (hiding).
  4646 | D:6      | 4646 ||| Stepping ~*~*~tactically~*~*~ (hiding).
  4648 | D:6      | 4648 ||| Stepping ~*~*~tactically~*~*~ (hiding).
  4683 | D:6      | HP: 3/49 [orc priest/divine providence (14)]
  5001 | D:6      | HP: 11/49 [iguana (2)]
  5406 | D:6      | Found a glowing drain.
  5414 | D:6      | 5414 ||| READING 2 scrolls of identify.
  5414 | D:6      | 5414 ||| IDENTIFYING fuming dark potion
  5440 | D:6      | Noticed Menkaure
  5441 | D:6      | 5441 ||| Stepping ~*~*~tactically~*~*~ (hiding).
  5444 | D:6      | 5444 ||| Stepping ~*~*~tactically~*~*~ (hiding).
  5454 | D:6      | Killed Menkaure
  5545 | D:6      | Noticed Grinder
  5547 | D:6      | 5547 ||| Stepping ~*~*~tactically~*~*~ (hiding).
  5547 | D:6      | Found a staircase to the Ecumenical Temple.
  5548 | D:6      | 5548 ||| RIP SEWER
  5548 | D:6      | 5548 ||| PLANNING TEMPLE
  5552 | D:6      | Paralysed by Grinder for 2 turns
  5559 | D:6      | 5559 ||| Stepping ~*~*~tactically~*~*~ (hiding).
  5564 | D:6      | Killed Grinder
  5565 | D:6      | Reached skill level 6 in Shields
  5588 | D:6      | 5588 ||| Stepping ~*~*~tactically~*~*~ (hiding).
  5600 | D:6      | Reached XP level 9. HP: 43/54 MP: 9/9
  5684 | Temple   | Entered the Ecumenical Temple
  5960 | Temple   | 5960 ||| PLANNING D:1-11
  5971 | Temple   | Became a worshipper of Warmaster Okawaru
  6199 | D:6      | Reached skill level 8 in Axes
  6379 | D:6      | Found a glowing silver altar of Zin.
  6687 | D:6      | Found an opulent altar of Gozag.
  6870 | D:7      | Noticed Maggie
  6884 | D:7      | HP: 13/54 [Maggie/+0 scimitar of flaming (1)]
  6887 | D:7      | HP: 2/54 [Maggie/bolt of fire (12)]
  6891 | D:7      | Mangled by Maggie

Levels and vault maps discovered:
D:1:      minmay_arrival_plants_in_alcoves, layout_rooms, serial_shops,
          nicolae_shop_waterfront
D:2:      layout_loops_ring, hellmonk_ecumenical_altar_zigzags, uniq_terence,
          uniq_natasha, uniq_sigmund
D:3:      layout_basic, nicolae_wu_jian_wuxing_cycle
D:4:      cheibrodos_old_hovel, layout_basic, uniq_ijyb
D:5:      layout_basic, grunt_qazlal_clouds, fedhas_altar_2,
          minmay_shop_damaged, uniq_edmund
D:6:      layout_basic, pdpol_temple_overflow_zin_treasury_gozag_greed,
          minmay_temple_entry_purple_smoke, cheibrodos_sewer_entry_drain,
          nicolae_eternal_life, uniq_grinder, uniq_menkaure
D:7:      layout_basic, lemuel_doored_altar, bloody_trog, uniq_maggie
Temple:   oiseaux_autumnal_temple

Skill      XL: |  1  2  3  4  5  6  7  8  9 |
---------------+----------------------------+-----
Axes           | 2 3 5 7 8 |  8.0
Throwing       | 1 2 |  2.3
Dodging        | 1 |  1.4
Fighting       | 4 5 |  5.4
Armour         | 4 |  4.3
Shields        | 7 |  7.0

Action                   |  1- 3 |  4- 6 |  7- 9 || total
-------------------------+-------+-------+-------++-------
Melee: War axe           |   139 |    74 |   189 ||   402
Throw: Javelin           |    19 |    37 |    23 ||    79
       Boomerang         |       |       |     5 ||     5
  Use: Scroll            |     2 |     6 |     5 ||    13
       Potion            |       |     3 |     1 ||     4
Armor: Scale mail        |    76 |     6 |       ||    82
       Chain mail        |       |    27 |       ||    27
       Plate armour      |       |    11 |   118 ||   129
Dodge: Dodged            |    63 |    24 |    42 ||   129
Block: Buckler           |    33 |    18 |    18 ||    69
       Kite shield       |       |       |    69 ||    69

Table legend:
 A = Non-vault XP
 B = Vault XP
 C = Vault XP percentage of total XP
 D = Non-vault monster count
 E = Vault monster count
 F = Vault count percentage of total count
                 A         B        C        D         E       F
            +---------+---------+-------+---------+---------+-------
      Total |    1909 |     963 |  33.5 |     116 |      10 |   7.9
            +---------+---------+-------+---------+---------+-------
        D:1 |      36 |       0 |   0.0 |      23 |       0 |   0.0
        D:2 |      65 |     294 |  81.9 |      21 |       3 |  12.5
        D:3 |      18 |       0 |   0.0 |      12 |       0 |   0.0
        D:4 |     141 |      35 |  19.9 |      10 |       2 |  16.7
        D:5 |     728 |     169 |  18.8 |      21 |       1 |   4.5
        D:6 |     830 |     465 |  35.9 |      24 |       4 |  14.3
        D:7 |      91 |       0 |   0.0 |       5 |       0 |   0.0
            +---------+---------+-------+---------+---------+-------
